 Dungeon Sprint DCSS version 0.27-a0-409-gd57800a693 (webtiles) character file.

Game seed: 11744615766998260217

108 Conn the Arsonist (level 4, 0/36 HPs)
             Began as a Deep Elf Fire Elementalist on Feb 23, 2021.
             Was a Follower of Sif Muna.
             Slain by a flying skull (1 damage)
             ... in the Dungeon (Sprint VII: "The Pits").
             The game lasted 00:04:32 (220 turns).

Conn the Arsonist (Deep Elf Fire Elementalist)       Turns: 220, Time: 00:04:33

Health: 0/36       AC:  2    Str:  5    XL:     4   Next: 58%
Magic:  9/14       EV: 14    Int: 21    God:    Sif Muna [*.....]
Gold:   0          SH:  0    Dex: 15    Spells: 4/15 levels left

rFire    . . .     SeeInvis .   i - +2 dagger
rCold    . . .     Faith    .   (no shield)
rNeg     . . .     Spirit   .   a - +0 robe
rPois    .         Reflect  .   (no helmet)
rElec    .         Harm     .   (no cloak)
rCorr    .         Rampage  .   (no gloves)
Will     .....     NoTele   +   (no boots)
Stlth    ..........             (no amulet)
HPRegen  0.12/turn              (no ring)
MPRegen  0.14/turn              (no ring)

@: berserking, very slightly contaminated, invisible, very quick
A: no striking features
a: Renounce Religion, Channel Magic


You were in the Dungeon.
You worshipped Sif Muna.
Sif Muna was aware of your devotion.
You visited 1 branch

Inventory:

Hand Weapons
 b - a +2 trident of venom
 i - a +2 dagger (weapon)
Armour
 a - a +0 robe (worn)
Scrolls
 k - 5 scrolls of amnesia
Potions
 c - a potion of curing
 e - a potion of haste
 f - 4 potions of magic
 g - 2 potions of berserk rage
 j - a potion of invisibility


   Skills:
 + Level 4.4 Dodging
 + Level 4.1 Stealth
 * Level 6.2 Spellcasting
 * Level 2.5 Conjurations
 + Level 8.0 Fire Magic
 * Level 0.2 Invocations


You had 4 spell levels left.
You knew the following spells:

 Your Spells              Type           Power        Failure   Level
a - Foxfire               Conj/Fire      100%         1%          1
b - Conjure Flame         Conj/Fire      28%          3%          3
c - Inner Flame           Hex/Fire       23%          5%          3
d - Sticky Flame          Conj/Fire      28%          11%         4

Your spell library contained the following spells:

 Spells                   Type           Power        Failure   Level
 Fireball                 Conj/Fire      14%          30%         5


Dungeon Overview and Level Annotations

Branches:
Dungeon (1/1)

Altars:
Ashenzari
Cheibriados
Dithmenos
Elyvilon
Fedhas
Gozag
Hepliaklqana
Kikubaaqudgha
Makhleb
Nemelex Xobeh
Okawaru
Qazlal
Ru
Sif Muna
Trog
Uskayaw
Vehumet
Wu Jian
Xom
Yredelemnul
Zin
The Shining One
Beogh
Jiyva
Lugonu


Message History

Okay, then.
Okay, then.
Unknown command.
Casting: Conjure Flame (quite dangerous; 3% risk of failure)
Confirm with . or Enter, or press ? or * to list all spells.
Okay, then.
You open the door.
Okay, then.
Press: ? - help, v - describe, . - travel
Here: a flying skull (flame)
The floor.
Unknown command.
You fade into invisibility!
The flying skull is engulfed in blazing flames.
The flying skull hits you.
The flying skull is engulfed in blazing flames.
The flying skull hits you.
* * * LOW HITPOINT WARNING * * *
You are very lightly contaminated with residual magic.
A red film seems to cover your vision as you go berserk!
You feel yourself moving faster!
You feel mighty!
The flying skull is engulfed in blazing flames.
The flying skull barely misses you.
You closely miss the flying skull.
The flying skull is moderately damaged.
The flying skull misses you.
You hit the flying skull.
The flying skull is heavily damaged.
The flying skull is engulfed in blazing flames.
The flying skull closely misses you.
You barely miss the flying skull.
The flying skull is severely damaged.
The flying skull is engulfed in blazing flames.
The flying skull hits you!
* * * LOW HITPOINT WARNING * * *
You closely miss the flying skull.
The flying skull is almost destroyed.
The flying skull is engulfed in blazing flames.
The flying skull hits you.
You die...

############
#_________.#
#______§__.#
#_______...#######
##########'##.....
#.?(.')))'.##.....
##########.##.....
#@zb........).....
#'#####'#####.....
#.# #.....##.....
#.# #####'#####'#
#.# #...†.##.....
#.# #.....##.....
#.# ###'####.....
#.# #....g##...<.
..z.....##.....


You could see a flying skull and a bat (inner flame).

Vanquished Creatures
  A floating eye (D)
  An ufetubus (D)
  An orc (D)
  A hobgoblin (D)
  A rat (D)
5 creatures vanquished.

Vanquished Creatures (others)
  14 foxfires (D)
14 creatures vanquished.

Grand Total: 19 creatures vanquished

Notes
Turn   | Place    | Note
-------+----------+-------------------------------------------
     0 | D        | Conn the Deep Elf Fire Elementalist began the quest for the
                  | Orb.
     0 | D        | Reached XP level 1. HP: 10/10 MP: 6/6
    50 | D        | Found a bloodstained altar of Trog.
    50 | D        | Found a shimmering blue altar of Sif Muna.
    50 | D        | Found a viscous altar of Jiyva.
    50 | D        | Found a hazy altar of Hepliaklqana.
    50 | D        | Found an opulent altar of Gozag.
    51 | D        | Found a glowing golden altar of the Shining One.
    51 | D        | Found a glowing silver altar of Zin.
    51 | D        | Found a basalt altar of Yredelemnul.
    51 | D        | Found a shimmering altar of Xom.
    51 | D        | Found an ornate altar of the Wu Jian Council.
    51 | D        | Found a sacrificial altar of Ru.
    51 | D        | Found a stormy altar of Qazlal.
    51 | D        | Found an iron altar of Okawaru.
    51 | D        | Found a sparkling altar of Nemelex Xobeh.
    51 | D        | Found a burning altar of Makhleb.
    51 | D        | Found a blossoming altar of Fedhas.
    51 | D        | Found a white marble altar of Elyvilon.
    51 | D        | Found a shadowy altar of Dithmenos.
    51 | D        | Found a snail-covered altar of Cheibriados.
    52 | D        | Found a radiant altar of Vehumet.
    52 | D        | Found a corrupted altar of Lugonu.
    52 | D        | Found a roughly hewn altar of Beogh.
    53 | D        | Found an ancient bone altar of Kikubaaqudgha.
    53 | D        | Found a hide-covered altar of Uskayaw.
    53 | D        | Found a broken altar of Ashenzari.
    54 | D        | Became a worshipper of Sif Muna the Loreminder
    68 | D        | Noticed a floating eye
    78 | D        | Reached skill level 4 in Fire Magic
    89 | D        | Paralysed by a floating eye for 3 turns
    96 | D        | Killed a floating eye
    97 | D        | Reached skill level 8 in Fire Magic
    97 | D        | Reached XP level 2. HP: 11/15 MP: 3/11
    97 | D        | Reached XP level 3. HP: 14/19 MP: 3/12
    97 | D        | Reached XP level 4. HP: 18/24 MP: 3/14
   179 | D        | Reached * piety under Sif Muna
   187 | D        | Learned a level 3 spell: Conjure Flame
   191 | D        | Learned a level 3 spell: Inner Flame
   196 | D        | Learned a level 4 spell: Sticky Flame
   198 | D        | Noticed a flying skull
   202 | D        | HP: 1/24 [flying skull (12)]
   219 | D        | HP: 1/36 [flying skull (10)]
   220 | D        | Slain by a flying skull

Illustrated notes

Levels and vault maps discovered:
D:        pitsprint [storerooms_1, entrance_room_1, metal_vault_3, armoury_2,
          mini_pit_1, grid_room_1, main_hall_1, silver_pit, the_coven_3,
          the_vestibule_1, steel_vault_4, golden_pit, hallway_of_sentries,
          crystal_vault_4, iron_vault_1, final_vault]

Skill      XL: |  1 |
---------------+----+-----
Fire Magic     | 8 |  8.0
Dodging        | 4 |  4.4
Stealth        | 4 |  4.1
Spellcasting   | 6 |  6.2
Conjurations   | 2 |  2.5
Invocations    | |  0.2

Action                   |  1- 3 |  4- 6 || total
-------------------------+-------+-------++-------
Melee: Dagger            |     1 |     8 ||     9
 Cast: Foxfire           |     7 |     1 ||     8
       Conjure Flame     |       |     1 ||     1
       Inner Flame       |       |     1 ||     1
  Use: Potion            |       |     3 ||     3
       Scroll            |       |     2 ||     2
Armor: Robe              |     1 |       ||     1
Dodge: Dodged            |     9 |     9 ||    18

Table legend: (Time is in decaauts)
 A = Elapsed time spent in this place.
 B = Non-inter-level travel time spent in this place.
 C = Inter-level travel time spent in this place.
 D = Time resting spent in this place.
 E = Time spent auto-exploring this place.
 F = Levels seen in this place.
 G = Mean time per level.
                   A        B        C        D        E       F      G
               +--------+--------+--------+--------+--------+-----+--------+
         Total |    218 |    218 |      0 |     69 |      0 |   1 |  218.0 |
       Dungeon |    218 |    218 |      0 |     69 |      0 |   1 |  218.0 |
               +--------+--------+--------+--------+--------+-----+--------+

Top non-repeatable levels by time:
       D: 218 daAuts
